 Dungeon Sprint DCSS version 0.26-a0-662-g8b9c6dab81 (webtiles) character file.

Game seed: 18364852625626966855

280 sahdkjhfkaj the Transmogrifier (level 6, -4/38 HPs)
             Began as an Octopode Transmuter on Oct 9, 2020.
             Slain by a human
             ... wielding a +2 whip of electrocution
              (10 damage)
             ... in the Dungeon (Sprint III: "The Ten Rune Challenge").
             The game lasted 00:01:18 (784 turns).

sahdkjhfkaj the Transmogrifier (Octopode Transmuter) Turns: 784, Time: 00:01:19

Health: -4/38      AC:  1    Str: 11    XL:     6   Next: 27%
Magic:  4/9        EV: 13    Int: 16    God:
Gold:   24         SH:  0    Dex: 12    Spells: 3/9 levels left

rFire    . . .     SeeInvis .     - Unarmed
rCold    . . .     Faith    .   (shield currently unavailable)
rNeg     . . .     Spirit   .   (helmet restricted)
rPois    .         Reflect  .   (no amulet)
rElec    .         Harm     .   (no ring)
rCorr    .         Rampage  .   (no ring)
MR       .....     NoTele   +   (no ring)
Stlth    ++........             (no ring)
HPRegen  0.12/turn              (no ring)
MPRegen  0.11/turn              (no ring)
                                (no ring)
                                (no ring)

@: blade tentacles
A: almost no armour, stealthy swim, amphibious, 8 rings, constrict 8, camouflage
1, gelatinous body 1
a: End Transformation


You were in the Dungeon.
You had blades for tentacles.
You visited 1 branch You collected 24 gold pieces.

Inventory:

Scrolls
 a - a scroll of torment {unknown}
 c - 2 scrolls of remove curse {unknown}
 g - a scroll of blinking
 h - a scroll of fog {unknown}
 j - a scroll of immolation {unknown}
 k - 2 scrolls of identify
Potions
 d - a potion of haste
 e - 2 potions of magic
 i - 3 potions of might
 l - a potion of flight {unknown}
 m - 4 potions of mutation


   Skills:
 - Level 1.0 Fighting
 - Level 2.0 Dodging
 - Level 8.3 Unarmed Combat
 - Level 2.0 Spellcasting
 + Level 10.2 Transmutations


You had 3 spell levels left.
You knew the following spells:

 Your Spells              Type           Power        Failure   Level
a - Beastly Appendage     Tmut           ####..       10%         1
A - Blade Hands           Tmut           ####......   43%         5

Your spell library contained the following spells:

 Spells                   Type           Power        Failure   Level
 Wereblood                Tmut           ####....     12%         2
 Spider Form              Tmut/Pois      ###.......   41%         3
 Ice Form                 Ice/Tmut       ###.....     69%         4


Dungeon Overview and Level Annotations

Branches:
Dungeon (1/1)

Altars:
Okawaru
Trog
Uskayaw
Wu Jian
Beogh


Innate Abilities, Weirdness & Mutations

You cannot wear most types of armour.
You are very stealthy in the water. (Stealth+)
You are amphibious.
You can wear up to eight rings at the same time.
You can use your tentacles to constrict eight enemies at once.
Your skin changes colour to match your surroundings (Stealth+).
Your rubbery body absorbs attacks. (AC +1, EV +1)


Message History

You kill the human!
Your Transmutations skill gained 4 levels and is now at level 10!
You have reached level 6!
Your experience leads to an increase in your attributes!
Increase (S)trength, (I)ntelligence, or (D)exterity?
You feel stronger.
You completely miss the human. You grab the human.
You squeeze the human, but do no damage.
You constrict the human.
The human drinks a potion.
The human goes berserk!
You hit the human. You squeeze the human.
The human is lightly wounded.
You constrict the human, but do no damage.
The human hits you with a +2 whip of electrocution.
You are electrocuted!!
Ouch! That really hurt!
You feel better.
You constrict the human.
The human hits you with a +2 whip of electrocution!
* * * LOW HITPOINT WARNING * * *
You are electrocuted!
You die...

▓ ▓▓▓ #### ##.# #####
...#####..# #___
....#..#..# #__
#...#..#..###+#p###+##
##..##'#..#.....@....#
##).###...'.⌠........#
#..####...#...######+#
#..###....#.⌠.#
...##.....#...#
...#.)....#+###
.##.#.....#
.#####....# ▓▓ ▓▓▓▓▓▓


You could see a human (berserk).

Vanquished Creatures
  A water elemental (D)
  Jessica (D)
  Crazy Yiuf (D)
  2 humans (D)
  An ooze (D)
  2 rats (D)
8 creatures vanquished.

Vanquished Creatures (others)
  2 plants (D)
2 creatures vanquished.

Grand Total: 10 creatures vanquished

Notes
Turn   | Place    | Note
-------+----------+-------------------------------------------
     0 | D        | sahdkjhfkaj the Octopode Transmuter began the quest for the
                  | Orb.
     0 | D        | Reached XP level 1. HP: 13/13 MP: 3/3
   203 | D        | Noticed Jessica
   210 | D        | Killed Jessica
   210 | D        | Reached XP level 2. HP: 17/18 MP: 3/5
   210 | D        | Reached XP level 3. HP: 21/23 MP: 3/6
   557 | D        | Noticed Crazy Yiuf
   562 | D        | HP: 1/23 [Crazy Yiuf/+2 quarterstaff of chaos (8)]
   564 | D        | Killed Crazy Yiuf
   564 | D        | Reached skill level 3 in Transmutations
   564 | D        | Reached XP level 4. HP: 16/28 MP: 5/7
   718 | D        | Noticed a water elemental
   722 | D        | Killed a water elemental
   722 | D        | Reached skill level 6 in Transmutations
   722 | D        | Reached XP level 5. HP: 33/33 MP: 6/8
   770 | D        | Learned a level 5 spell: Blade Hands
   777 | D        | Found a hide-covered altar of Uskayaw.
   777 | D        | Found a roughly hewn altar of Beogh.
   777 | D        | Found an iron altar of Okawaru.
   777 | D        | Found a bloodstained altar of Trog.
   777 | D        | Found an ornate altar of the Wu Jian Council.
   777 | D        | Noticed a human
   779 | D        | Noticed a human
   781 | D        | Killed a human
   781 | D        | Reached skill level 10 in Transmutations
   781 | D        | Reached XP level 6. HP: 34/38 MP: 3/9
   784 | D        | Slain by a human

Illustrated notes

Levels and vault maps discovered:
D:        dungeon_sprint_mu [sprint_mu_entry_cave, sprint_mu_temple_rooms,
          sprint_mu_d1_horrors, sprint_mu_d2_genie, sprint_mu_d3_branching,
          sprint_mu_orc_legion, sprint_mu_elf_gauntlet, sprint_mu_hive_nellie,
          sprint_mu_lair_fedhas, sprint_mu_vaults_butterflies,
          sprint_mu_slime_circle, sprint_mu_swamp_cave, sprint_mu_snake_twists,
          sprint_mu_blade_basic, sprint_mu_crypt_fortress,
          sprint_mu_tomb_spiral, sprint_mu_vestibule_basic,
          sprint_mu_gehenna_hellfire, sprint_mu_dis_giant,
          sprint_mu_tartarus_statrot, sprint_mu_cocytus_islands, sprint_mu_zot1]

Skill      XL: |  1  2  3  4  5 |
---------------+----------------+-----
Unarmed Combat | 6 8 |  8.3
Transmutations | 3 6 10 | 10.2
Fighting       | |  1.0
Dodging        | |  2.0
Spellcasting   | |  2.0

Action                   |  1- 3 |  4- 6 || total
-------------------------+-------+-------++-------
Melee: Unarmed           |    21 |     8 ||    29
       Kick              |     8 |     1 ||     9
       Constrict         |     3 |     1 ||     4
       Tentacles         |     1 |     2 ||     3
 Cast: Beastly Appendage |     6 |     1 ||     7
       Blade Hands       |       |     1 ||     1
  Use: Potion            |     1 |     2 ||     3
Dodge: Dodged            |     6 |       ||     6

Table legend: (Time is in decaauts)
 A = Elapsed time spent in this place.
 B = Non-inter-level travel time spent in this place.
 C = Inter-level travel time spent in this place.
 D = Time resting spent in this place.
 E = Time spent auto-exploring this place.
 F = Levels seen in this place.
 G = Mean time per level.
                   A        B        C        D        E       F      G
               +--------+--------+--------+--------+--------+-----+--------+
         Total |    790 |    790 |      0 |    600 |     87 |   1 |  790.0 |
       Dungeon |    790 |    790 |      0 |    600 |     87 |   1 |  790.0 |
               +--------+--------+--------+--------+--------+-----+--------+

Top non-repeatable levels by time:
       D: 790 daAuts
